 Dungeon Sprint DCSS version 0.21-a0-91-ga5031da (webtiles) character file.

1465 pib the Destroyer (level 8, -16/46 HPs)
             Began as an Octopode Fire Elementalist on June 29, 2017.
             Was an Elder of Vehumet.
             Killed from afar by a deep elf mage (35 damage)
             ... with a bolt of fire
             ... in the Dungeon (Sprint V: "Ziggurat Sprint").
             The game lasted 00:07:31 (436 turns).

pib the Destroyer (Octopode Fire Elementalist)       Turns: 436, Time: 00:07:33

Health: -16/46     AC:  1    Str: 19    XL:     8   Next: 77%
Magic:  0/29       EV:  6    Int: 31    God:    Vehumet [****..]
Gold:   0          SH: 26    Dex: 25    Spells: 17/23 levels left

rFire    . . .     SeeInvis .   K - staff of energy
rCold    . . .     Gourm    .   I - +18 shield of the Gong {rElec rN+ MR+ EV-5}
rNeg     + . .     Faith    .   (helmet restricted)
rPois    .         Spirit   .   (no amulet)
rElec    +         Reflect  .   x - +6 ring of dexterity
rCorr    .         Harm     .   y - +6 ring of dexterity
MR       +....     NoTele   +   z - +6 ring of intelligence
Stlth    ++++......             A - +6 ring of intelligence
HPRegen  0.15/turn              B - +6 ring of strength
MPRegen  0.21/turn              C - +6 ring of strength
                                N - ring of magical power
                                (no ring)

@: very slightly contaminated
A: almost no armour, stealthy swim, amphibious, 8 rings, constrict 8, camouflage
1, gelatinous body 1
a: Renounce Religion


You were in the Dungeon.
You worshipped Vehumet.
Vehumet was greatly pleased with you.
You were not hungry.

You visited 1 branch

Inventory:

Hand Weapons
 H - the +6 Majin-Bo {vamp, Archmagi MP+6 Int+6}
   (You found it in the Dungeon)

   It inflicts no extra harm, but heals its wielder when it wounds a living foe.
   It affects your intelligence (+6).
   It affects your magic capacity (+6).
 J - the +8 lance "Wyrmbane" {slay drac, rPois rF+ rC+ AC+3}
   (You found it in the Dungeon)

   It affects your AC (+3).
   It protects you from fire.
   It protects you from cold.
   It protects you from poison.
Armour
 I - the +18 shield of the Gong (worn) {rElec rN+ MR+ EV-5}
   (You found it in the Dungeon)

   It affects your evasion (-5).
   It insulates you from electricity.
   It protects you from negative energy.
   It affects your resistance to hostile enchantments.
Magical Staves
 K - an uncursed staff of energy (weapon)
Jewellery
 x - a +6 ring of dexterity (left tentacle)
 y - a +6 ring of dexterity (right tentacle)
 z - a +6 ring of intelligence (on tentacle)
 A - a +6 ring of intelligence (on tentacle)
 B - a +6 ring of strength (on tentacle)
 C - a +6 ring of strength (on tentacle)
 N - a ring of magical power (on tentacle)
Wands
 D - a wand of disintegration (6/24)
 E - a wand of iceblast (11/15)
 F - a wand of lightning (4/15)
 G - a wand of acid (2/15)
Scrolls
 h - a scroll of blinking
 o - 4 scrolls of amnesia
 p - 2 scrolls of recharging
 q - 8 scrolls of fog
 r - a scroll of holy word
 s - 5 scrolls of identify
 t - 5 scrolls of remove curse
 u - 2 scrolls of fear
 O - a scroll of brand weapon
Potions
 c - 10 potions of curing
 d - 7 potions of heal wounds
 e - 6 potions of haste
 f - 7 potions of magic
 g - 3 potions of berserk rage
 i - 2 potions of brilliance
 j - 2 potions of invisibility
 k - 4 potions of resistance
 m - 5 potions of agility
 n - 5 potions of might
Books
 a - a book of Flames

   Spells                             Type                      Level
   a - Flame Tongue                   Conjuration/Fire             1
   b - Throw Flame                    Conjuration/Fire             2
   c - Conjure Flame                  Conjuration/Fire             3
   d - Inner Flame                    Hexes/Fire                   3
   e - Sticky Flame                   Conjuration/Fire             4
   f - Fireball                       Conjuration/Fire             5
 M - a Young Poisoner's Handbook

   Spells                             Type                      Level
   a - Sting                          Conjuration/Poison           1
   b - Poisonous Vapours              Poison/Air                   2
   c - Mephitic Cloud                 Conjuration/Poison/Air       3
   d - Olgreb's Toxic Radiance        Poison                       4
   e - Venom Bolt                     Conjuration/Poison           5
Miscellaneous
 L - a crystal ball of energy
 P - a sack of spiders
 Q - a fan of gales (inert)
Comestibles
 b - 4 bread rations
 l - 4 chunks of flesh
 v - 42 fruits
 w - 4 meat rations


   Skills:
 - Level 2.0 Dodging
 - Level 2.6 Stealth
 + Level 8.4 Spellcasting
 * Level 12.3 Conjurations
 + Level 9.4 Fire Magic
 - Level 8.0 Evocations


You had 17 spell levels left.
You knew the following spells:

 Your Spells              Type           Power        Failure   Level  Hunger
a - Flame Tongue          Conj/Fire      #####        1%          1    None
b - Fireball              Conj/Fire      ######....   2%          5    None


Dungeon Overview and Level Annotations

Branches:
Dungeon (1/1)

Altars:
Ashenzari
Cheibriados
Dithmenos
Elyvilon
Fedhas
Gozag
Hepliaklqana
Kikubaaqudgha
Makhleb
Nemelex Xobeh
Okawaru
Qazlal
Ru
Sif Muna
Trog
Uskayaw
Vehumet
Wu Jian
Xom
Yredelemnul
Zin
The Shining One
Beogh
Jiyva
Lugonu

Annotations:
D 1 transporter


Innate Abilities, Weirdness & Mutations

You cannot wear most types of armour.
You are very stealthy in the water. (Stealth+)
You are amphibious.
You can wear up to eight rings at the same time.
You can use your tentacles to constrict eight enemies at once.
Your skin changes colour to match your surroundings (Stealth+).
Your rubbery body absorbs attacks. (AC +1, EV +1)


Message History

Aiming: Corrosive Bolt
Press: ? - help, Shift-Dir - straight line, f - antimagic glaive, p - deep elf mage
Aim: an antimagic glaive The bolt of acid hits the antimagic glaive.
The antimagic glaive is splashed with acid.
The acid corrodes the antimagic glaive!
The antimagic glaive is moderately damaged.
This wand has 2 charges left.
You block the fire elemental's attack.
GONNNNG!
The antimagic glaive hits you from afar!!
Ouch! That really hurt!
* * * LOW HITPOINT WARNING * * *
You feel much better.
The deep elf mage gestures at you while chanting.
The bolt of fire hits the fire elemental.
The fire elemental completely resists.
The bolt of fire hits the fire elemental.
The fire elemental completely resists.
The bolt of fire hits you!
Ouch! That really hurt!
You die...

▓.....▓.....▓.....▓
▓.....▓.....▓▓▓▓▓▓▓
▓▓▓▓▓▓▓▓▓▓▓▓▓▓▓▓▓▓
..8©8...▓..8©8...▓
........▓..?E}...▓
........▓..:.:...▓
........▓........▓
...†....▓....§(..▓
........▓.▓.§§§▓@▓
........▓....eEE.▓
▓▓▓▓▓▓▓▓▓▓▓▓▓▓▓▓▓▓


You could see an earth elemental, a deep elf mage, 2 fire elementals and an
antimagic glaive.

Vanquished Creatures
  A dancing weapon (D)
  A spriggan (D)
  A yak (D)
  A hell hound (D)
  A porcupine (D)
  A black bear (D)
  2 wolves (D)
  A quasit (D)
  An iron imp (D)
  A river rat (D)
  A bat skeleton (D)
  2 jackals (D)
14 creatures vanquished.

Notes
Turn   | Place    | Note
-------+----------+-------------------------------------------
     0 | D        | pib the Octopode Fire Elementalist began the quest for the Orb.
     0 | D        | Reached XP level 1. HP: 11/11 MP: 3/3
     0 | D        | Found a deep blue altar of Sif Muna.
     0 | D        | Found a sacrificial altar of Ru.
     0 | D        | Found a bloodstained altar of Trog.
     0 | D        | Found a stormy altar of Qazlal.
     0 | D        | Found an iron altar of Okawaru.
     0 | D        | Found a sparkling altar of Nemelex Xobeh.
     0 | D        | Found a blossoming altar of Fedhas.
     2 | D        | Found a transporter.
     2 | D        | Found an ancient bone altar of Kikubaaqudgha.
     2 | D        | Found a viscous altar of Jiyva.
     2 | D        | Found a corrupted altar of Lugonu.
     2 | D        | Found a hazy altar of Hepliaklqana.
     2 | D        | Found a burning altar of Makhleb.
     2 | D        | Found an opulent altar of Gozag.
    49 | D        | Became a worshipper of Vehumet
    63 | D        | Reached XP level 2. HP: 17/17 MP: 4/7
    98 | D        | Entered arena 2.
    98 | D        | Noticed a wolf
    98 | D        | Found a transporter.
    99 | D        | Killed a wolf
    99 | D        | Reached skill level 4 in Conjurations
    99 | D        | Reached XP level 3. HP: 21/21 MP: 8/8
    99 | D        | Reached XP level 4. HP: 27/27 MP: 10/10
   109 | D        | Entered arena 3.
   109 | D        | Noticed a wolf
   109 | D        | Noticed a black bear
   109 | D        | Noticed a spriggan
   109 | D        | Found a transporter.
   110 | D        | Killed a wolf
   110 | D        | Reached * piety under Vehumet
   110 | D        | Offered knowledge of Sandblast by Vehumet.
   110 | D        | Reached skill level 6 in Conjurations
   110 | D        | Reached skill level 5 in Fire Magic
   110 | D        | Reached XP level 5. HP: 31/31 MP: 11/11
   111 | D        | Killed a spriggan
   111 | D        | Reached skill level 5 in Spellcasting
   111 | D        | Reached skill level 8 in Conjurations
   111 | D        | Reached XP level 6. HP: 36/36 MP: 11/14
   111 | D        | Killed a black bear
   111 | D        | Reached skill level 9 in Conjurations
   219 | D        | Learned a level 5 spell: Fireball
   221 | D        | Entered arena 4.
   221 | D        | Noticed a yak
   221 | D        | Noticed a porcupine
   221 | D        | Found a transporter.
   222 | D        | Reached ** piety under Vehumet
   223 | D        | Killed a yak
   223 | D        | Reached XP level 7. HP: 41/41 MP: 5/16
   223 | D        | Reached skill level 10 in Conjurations
   338 | D        | Entered arena 5.
   338 | D        | Found a transporter.
   342 | D        | Offered knowledge of Magic Dart by Vehumet.
   342 | D        | Reached *** piety under Vehumet
   424 | D        | Entered arena 6.
   424 | D        | Noticed an antimagic glaive
   424 | D        | Noticed a flail of venom
   424 | D        | Noticed a deep elf mage
   424 | D        | Noticed a scimitar of holy wrath
   424 | D        | Found a transporter.
   426 | D        | Killed a scimitar of holy wrath
   426 | D        | Reached **** piety under Vehumet
   426 | D        | Reached skill level 12 in Conjurations
   426 | D        | Reached XP level 8. HP: 46/46 MP: 20/20
   430 | D        | HP: 2/46 [antimagic glaive (11)]
   436 | D        | Killed from afar by a deep elf mage

Vault maps used:
D:        sprint_v

Skill      XL: |  1  2  3  4  5  6  7 |
---------------+----------------------+-----
Evocations     | 8 |  8.0
Spellcasting   | 3 4 5 6 8 |  8.4
Conjurations   | 4 6 8 9 12 | 12.3
Fire Magic     | 4 5 6 7 9 |  9.4
Dodging        | |  2.0
Stealth        | |  2.6

Action                   |  1- 3 |  4- 6 |  7- 9 || total
-------------------------+-------+-------+-------++-------
Melee: Lance             |       |     1 |     1 ||     2
 Cast: Fireball          |       |     1 |     2 ||     3
Evoke: Wand              |       |     3 |     6 ||     9
       Fan of gales      |       |       |     1 ||     1
       Sack of spiders   |       |       |     1 ||     1
  Use: Potion            |     1 |       |     3 ||     4
       Scroll            |       |       |     4 ||     4
  Eat: Bread ration      |       |       |     1 ||     1
Armor: Skin              |       |     1 |     1 ||     2
Dodge: Dodged            |       |     1 |     3 ||     4
Block: Shield            |       |       |     6 ||     6
